 Dungeon Crawl Stone Soup version 0.24.0-10-g970556be89 (webtiles) character file.

Game seed: 2741994283552169459, levelgen mode: deterministic

476 floatboth the Covered (level 6, -6/56 HPs)
             Began as a Minotaur Fighter on Nov 4, 2019.
             Was a Follower of Wu Jian.
             Mangled by a hornet (7 damage)
             ... while paralysed by a hornet
             ... on level 7 of the Dungeon.
             The game lasted 00:07:24 (2605 turns).

floatboth the Covered (Minotaur Fighter)            Turns: 2605, Time: 00:07:24

Health: -6/56      AC: 10    Str: 21    XL:     6   Next: 85%
Magic:  5/5        EV:  2    Int:  6    God:    Wu Jian [*.....]
Gold:   260        SH:  0    Dex: 10    Spells: 5/5 levels left

rFire    . . .     SeeInvis .   a - +0 trident
rCold    . . .     Gourm    .   c - +0 shield
rNeg     . . .     Faith    .   b - +0 scale mail
rPois    .         Spirit   .   (helmet restricted)
rElec    .         Reflect  .   r - +0 cloak
rCorr    .         Harm     .   (no gloves)
MR       .....                  k - +0 pair of boots
Stlth    ..........             y - amulet of the acrobat
HPRegen  0.18/turn              (no ring)
MPRegen  0.09/turn              (no ring)

@: paralysed, lethally poisoned (-6 -> -31), flying, slowed
A: retaliatory headbutt, horns 2
a: Renounce Religion


You were on level 7 of the Dungeon.
You worshipped Wu Jian.
Wu Jian was aware of your devotion.
You were not hungry.

You visited 1 branch of the dungeon, and saw 7 of its levels.

You collected 260 gold pieces.

Inventory:

Hand Weapons
 a - a +0 trident (weapon)
Missiles
 v - 7 curare-tipped darts {!*}
 x - 13 poisoned darts (quivered)
Armour
 b - a +0 scale mail (worn)
 c - a +0 shield (worn)
 k - a +0 pair of boots (worn)
 r - a +0 cloak (worn)
Jewellery
 y - an amulet of the acrobat (around neck)
Scrolls
 e - 2 scrolls of enchant weapon {unknown}
 i - 2 scrolls of teleportation
 j - 4 scrolls of identify
 l - 5 scrolls of remove curse {unknown}
 m - 2 scrolls of fog {unknown}
 q - 3 scrolls of amnesia {unknown}
 t - a scroll of fear {unknown}
 w - a scroll of enchant armour {unknown}
Potions
 d - 5 potions of might
 g - 2 potions of lignification {!q}
 h - a potion of haste {unknown}
 n - a potion of resistance {unknown}
 p - a potion of ambrosia {unknown}
 s - a potion of curing {unknown}
 u - 2 potions of heal wounds
Comestibles
 f - 8 rations
 A - 2 chunks of flesh


   Skills:
 + Level 5.6 Fighting
 + Level 4.8 Polearms
 + Level 5.6 Armour
 + Level 5.6 Shields


You had 5 spell levels left.
You didn't know any spells.
Your spell library was empty.

Dungeon Overview and Level Annotations

Branches:
Dungeon (7/15)
 Temple: D:4-7

Altars:
Dithmenos
Wu Jian
Zin
The Shining One

Annotations:
D:3 Grinder


Innate Abilities, Weirdness & Mutations

You reflexively headbutt those who attack you in melee.
You have a pair of horns on your head.


Message History

It was a potion of magic.
Magic courses through your body.
You feel sick. The hornet stings you.
* * * LOW HITPOINT WARNING * * *
You feel as though you will be slow longer.
You block the hornet's attack.
It was a potion of flight.
You feel very buoyant.
You fly up into the air.
You feel sick. The hornet stings you!
* * * LOW HITPOINT WARNING * * *
You are lethally poisoned!
You feel as though you will be slow longer.
The hornet stings you.
* * * LOW HITPOINT WARNING * * *
You suddenly lose the ability to move!
* * * LOW HITPOINT WARNING * * *
You feel sick. The hornet stings you!
* * * LOW HITPOINT WARNING * * *
You feel as though you will be slow longer.
The hornet stings you!
You die...

. ... .....######
.........(#
+###.####.# #.# #(#
###### ####.#
#....## #.@y.#
#.##.#. #.####
#.##.#. #.# #.##.#.
#.###########.##.#.
#.............##.#.
################...
####


You could see a hornet.

Vanquished Creatures
  A centaur (D:5)
  3 wights (D:6)
  A crimson imp (D:5)
  A bullfrog zombie (D:5)
  A hound (D:6)
  An orc priest (D:3)
  A jelly (D:7)
  2 adders
  3 worms
  3 dart slugs
  3 leopard geckos
  5 orcs
  6 bats
  7 giant cockroaches
  6 goblins
  9 hobgoblins
  8 jackals
  A quokka (D:6)
  3 frilled lizards
  9 kobolds
  10 rats
84 creatures vanquished.

Notes
Turn   | Place    | Note
-------+----------+-------------------------------------------
     0 | D:1      | floatboth the Minotaur Fighter began the quest for the Orb.
     0 | D:1      | Reached XP level 1. HP: 19/19 MP: 0/0
   118 | D:1      | Reached XP level 2. HP: 27/27 MP: 1/1
   215 | D:1      | Reached skill level 4 in Armour
   220 | D:1      | Reached skill level 4 in Fighting
   221 | D:1      | Reached skill level 4 in Shields
   253 | D:1      | Reached XP level 3. HP: 31/33 MP: 2/2
   380 | D:2      | Reached skill level 3 in Polearms
   388 | D:2      | Found an ornate altar of the Wu Jian Council.
   393 | D:2      | Became a worshipper of the Wu Jian Council
   408 | D:2      | You fall into a shaft and drop 1 floor!
   703 | D:3      | Reached XP level 4. HP: 39/41 MP: 3/3
   787 | D:3      | Reached * piety under Wu Jian
   924 | D:3      | Noticed Grinder
  1554 | D:3      | Reached XP level 5. HP: 47/47 MP: 4/4
  1840 | D:5      | Entered Level 5 of the Dungeon
  1900 | D:5      | Noticed a centaur
  1908 | D:5      | Killed a centaur
  1908 | D:5      | Reached skill level 5 in Fighting
  1908 | D:5      | Reached skill level 4 in Polearms
  1908 | D:5      | Reached skill level 5 in Armour
  1908 | D:5      | Reached skill level 5 in Shields
  2199 | D:5      | Reached XP level 6. HP: 43/56 MP: 5/5
  2246 | D:5      | Found a shadowy altar of Dithmenos.
  2246 | D:5      | Found a glowing silver altar of Zin.
  2376 | D:6      | Found a glowing golden altar of the Shining One.
  2587 | D:7      | Noticed a hornet
  2604 | D:7      | HP: 13/56 [hornet (12)]
  2604 | D:7      | Paralysed by a hornet for 2 turns
  2605 | D:7      | HP: 1/56 [hornet (7)]
  2605 | D:7      | Mangled by a hornet

Levels and vault maps discovered:
D:1:      dpeg_arrival_arbitrary_b, layout_basic
D:2:      layout_basic, lemuel_doored_altar, minmay_tall_x
D:3:      layout_loops_ring, uniq_grinder
D:4:      layout_basic
D:5:      layout_loops_corners, yredelemnul_altar_generic,
          gammafunk_temple_overflow_wave, first_ration
D:6:      layout_layer_cave, tso_metal_star
D:7:      layout_basic, elyvilon_altar_4, nicolae_overflow_crystal_walls,
          kennysheep_mini_moat, minmay_temple_entry_antechambers, uniq_pikel

Skill      XL: |  1  2  3  4  5 |
---------------+----------------+-----
Armour         | 4 5 |  5.6
Fighting       | 4 5 |  5.6
Shields        | 4 5 |  5.6
Polearms       | 3 4 |  4.8

Action                   |  1- 3 |  4- 6 || total
-------------------------+-------+-------++-------
Melee: Trident           |    98 |   139 ||   237
       Headbutt          |    14 |    28 ||    42
Throw: Dart              |       |     5 ||     5
Invok: Lunge             |     7 |    12 ||    19
       Whirlwind         |       |     8 ||     8
  Use: Scroll            |       |     2 ||     2
       Potion            |       |     3 ||     3
  Eat: Chunk             |       |     6 ||     6
Armor: Scale mail        |    32 |    65 ||    97
Dodge: Dodged            |    22 |    33 ||    55
Block: Shield            |    33 |    82 ||   115
